 Dungeon Crawl Stone Soup version 0.30-a0-782-ge64f9170bb (webtiles) character file.

Game seed: 10799526830314030985

4 porpoise the Sneak (level 1, -8/13 HPs)
             Began as a Gnoll Enchanter on Feb 19, 2023.
             Mangled by a hobgoblin
             ... wielding a +0 trident
              (10 damage)
             ... on level 1 of the Dungeon.
             The game lasted 00:00:17 (59 turns).

porpoise the Sneak (Gnoll Enchanter)                  Turns: 59, Time: 00:00:18

Health: -8/13      AC:  2    Str:  7    XL:     1   Next: 70%
Magic:  6/6        EV: 13    Int: 14    God:
Gold:   11         SH:  0    Dex: 12    Spells: 9/9 levels left

rFire   . . .      SeeInvis .    a - +1 dagger
rCold   . . .      Faith    .    (no shield)
rNeg    . . .      Spirit   .    b - +0 robe
rPois   .          Reflect  .    (no helmet)
rElec   .          Harm     .    (no cloak)
rCorr   .          Rampage  .    (no gloves)
Will    .....                    (no boots)
Stlth   +++                      (no amulet)
HPRegen 0.22/turn                (no ring)
MPRegen 0.10/turn                (no ring)

@: no status effects
A: fangs 1, strong nose, distributed training
a: no special abilities


You were on level 1 of the Dungeon.
You visited 1 branch of the dungeon, and saw 1 of its levels.

You collected 11 gold pieces.

Inventory:

Hand Weapons
 a - a +1 dagger (weapon)
Armour
 b - a +0 robe (worn)
Potions
 c - 2 potions of invisibility


   Skills:
 + Level 0.1 Fighting
 + Level 2.4 Short Blades
 + Level 0.1 Long Blades
 + Level 0.1 Axes
 + Level 0.1 Maces & Flails
 + Level 0.1 Polearms
 + Level 0.1 Staves
 + Level 0.1 Ranged Weapons
 + Level 0.1 Throwing
 + Level 0.1 Armour
 + Level 4.4 Dodging
 + Level 5.9 Stealth
 + Level 0.1 Shields
 + Level 0.1 Unarmed Combat
 + Level 4.9 Spellcasting
 + Level 0.1 Conjurations
 + Level 5.3 Hexes
 + Level 0.1 Summonings
 + Level 0.1 Necromancy
 + Level 0.1 Translocations
 + Level 0.1 Transmutations
 + Level 0.1 Fire Magic
 + Level 0.1 Ice Magic
 + Level 0.1 Air Magic
 + Level 0.1 Earth Magic
 + Level 0.1 Poison Magic
 + Level 0.2 Invocations
 + Level 0.1 Evocations


You had 9 spell levels left.
You didn't know any spells.
Your spell library contained the following spells:

 Spells                   Type           Power      Damage    Failure   Level
 Confusing Touch          Hex            18%        N/A       6%          3
 Tukima's Dance           Hex            18%        N/A       6%          3
 Ensorcelled Hibernation  Hex/Ice        22%        N/A       9%          2
 Dazzling Flash           Conj/Hex       22%        N/A       17%         3


Dungeon Overview and Level Annotations

Branches:
Dungeon (1/15)

Altars:


Innate Abilities, Weirdness & Mutations

You have very sharp teeth.
Your uncanny sense of smell can sniff out nearby items.
Your experience applies equally to all skills.


Message History

There is an open door here.
You open the door.
There is an open door here.
A dart slug comes into view.
The helpless dart slug fails to defend itself.
You impale the dart slug!!
You kill the dart slug!
As you open the door, it creaks loudly!
A rat comes into view.
Found a scroll labelled UVYICO GETEAGO.
There is an open door here.
A quokka comes into view.
A hobgoblin comes into view. It is wielding a +0 trident.
The hobgoblin shouts!
You hit the rat.
You kill the rat!
The quokka completely misses you.
There is an open door here.
You hit the quokka but do no damage. The quokka closely misses you.
You barely miss the quokka. The quokka misses you.
You hit the quokka but do no damage. You bite the quokka, but do no damage.
The hobgoblin closely misses you. The quokka barely misses you.
You hit the quokka but do no damage.
The quokka bites you but does no damage.
The hobgoblin hits you from afar with a +0 trident.
You hit the quokka.
You kill the quokka!
The hobgoblin closely misses you.
The hobgoblin hits you with a +0 trident!
Ouch! That really hurt!
* * * LOW HITPOINT WARNING * * *
There is an open door here.
You see here a quokka corpse.
You are too injured to fight recklessly!
You are too injured to fight recklessly!
You completely miss the hobgoblin.
You bite the hobgoblin, but do no damage.
The hobgoblin hits you with a +0 trident!
Ouch! That really hurt!
You die...

#.....### #..#
##...###...###...#
...####.####....#
#....##.##....###
#....#....###
##...#### #..#..#
###.###
.#####@#####...
#.....g.......#
........†....?..
..........#####.
...........
..........#.
..........#..
##.##.#...# ## #.
#.#....


You could see a hobgoblin.

Vanquished Creatures
  A dart slug (D:1)
  A quokka (D:1)
  A rat (D:1)
3 creatures vanquished.

Notes
Turn   | Place    | Note
-------+----------+-------------------------------------------
     0 | D:1      | porpoise the Gnoll Enchanter began the quest for the Orb.
     0 | D:1      | Reached XP level 1. HP: 13/13 MP: 6/6
    59 | D:1      | Mangled by a hobgoblin

Illustrated notes

Levels and vault maps discovered:
D:1:      arrival_zaba_pyramid, layout_basic,
          hellmonk_ecumenical_altar_arch_garden, minmay_misc_feat_roman,
          chequers_serial_rivers_large_b

Action                     || total
---------------------------++-------
  Melee: Dagger            ||     8
         Bite              ||     2
   Stab: Sleeping          ||     1
 Armour: Robe              ||     1
  Dodge: Dodged            ||     6

Table legend: (Time is in decaauts)
 A = Elapsed time spent in this place.
 B = Non-inter-level travel time spent in this place.
 C = Inter-level travel time spent in this place.
 D = Time resting spent in this place.
 E = Time spent auto-exploring this place.
 F = Levels seen in this place.
 G = Mean time per level.
                   A        B        C        D        E       F      G
               +--------+--------+--------+--------+--------+-----+--------+
         Total |     58 |     58 |      0 |      0 |     41 |   1 |   58.0 |
       Dungeon |     58 |     58 |      0 |      0 |     41 |   1 |   58.0 |
               +--------+--------+--------+--------+--------+-----+--------+

Top non-repeatable levels by time:
     D:1: 58 daAuts
